| TOP OF THE 1ST |
|
Baltimore Orioles batting - Pitching for Toronto Blue Jays : LHP Jon Valdovinos
|
|
Pitching: LHP Jon Valdovinos
|
|
|
Batting: RHB Alex Rodriguez Jr.
|
0-0: Called Strike 0-1: Ball 1-1: Ball 2-1: Swinging Strike 2-2: Ball 3-2: Foul Ball, location: 2F 3-2: Base on Balls
|
|
Batting: RHB Jeremy Giesler
|
0-0: Ball 1-0: Ball 2-0: Ball 3-0: Base on Balls Alex Rodriguez Jr. to second
|
|
Batting: RHB Kevin Howard
|
0-0: Grounds into double play, 5-4-3 (Groundball, 56, EV 98.8 MPH) Alex Rodriguez Jr. to third
|
|
Batting: LHB Brad Pepin
|
0-0: Called Strike 0-1: Swinging Strike 0-2: Foul Ball, location: 2F 0-2: Ball 1-2: 2-RUN HOME RUN (Flyball, 9D, EV 106.9 MPH), Distance : 385 ft
|
|
Batting: RHB Dermott Neill
|
0-0: Ball 1-0: Fly out, F9 (Flyball, 9D, EV 94.4 MPH)
|
| Top of the 1st over - 2 runs, 1 hit, 0 errors, 0 left on base; Baltimore 2 - Toronto 0 |
| BOTTOM OF THE 1ST |
|
Toronto Blue Jays batting - Pitching for Baltimore Orioles : RHP Kevin Cushman
|
|
Pitching: RHP Kevin Cushman
|
|
|
Batting: LHB Michael Byrd
|
0-0: Ball 1-0: Ground out 1-3 (Groundball, 34S, EV 64.4 MPH)
|
|
Batting: LHB Jon Schick
|
0-0: Ball 1-0: Called Strike 1-1: Called Strike 1-2: Ball 2-2: Foul Ball, location: 2F 2-2: Ball 3-2: Foul Ball, location: 2F 3-2: Ground out 4-3 (Groundball, 4, EV 81.9 MPH)
|
|
Batting: RHB Ruben Velasco
|
0-0: Ball 1-0: Called Strike 1-1: Ground out 1-3 (Groundball, 13, EV 70.6 MPH)
|
| Bottom of the 1st over - 0 runs, 0 hits, 0 errors, 0 left on base; Baltimore 2 - Toronto 0 |
| TOP OF THE 2ND |
|
Baltimore Orioles batting - Pitching for Toronto Blue Jays : LHP Jon Valdovinos
|
|
Batting: LHB Stu Sornson
|
0-0: Called Strike 0-1: Foul Ball, location: 2F 0-2: Ball 1-2: Ground out 1-3 (Groundball, 15S, EV 66.9 MPH)
|
|
Batting: RHB Randy Johnson Jr.
|
0-0: Foul Ball, location: 2F 0-1: Ball 1-1: Reached on error, E1 (Groundball, P, EV 70.6 MPH)
|
|
Batting: LHB Paul Diaz
|
0-0: Ball 1-0: Ball 2-0: Ground out U3 (Groundball, 34, EV 79.4 MPH) Randy Johnson Jr. to third
|
|
Batting: RHB Carlos Talavera
|
0-0: Called Strike 0-1: Foul Ball, location: 2F 0-2: Ball 1-2: Strikes out swinging
|
| Top of the 2nd over - 0 runs, 0 hits, 1 error, 1 left on base; Baltimore 2 - Toronto 0 |
| BOTTOM OF THE 2ND |
|
Toronto Blue Jays batting - Pitching for Baltimore Orioles : RHP Kevin Cushman
|
|
Batting: RHB Kirk Arp
|
0-0: SOLO HOME RUN (Flyball, 7D, EV 98.8 MPH), Distance : 407 ft
|
|
Batting: SHB Zory Larikov
|
0-0: Foul Ball, location: 2F 0-1: Swinging Strike 0-2: Strikes out swinging
|
|
Batting: LHB Josh Stuck
|
0-0: Foul Ball, location: 2F 0-1: Foul Ball, location: 2F 0-2: Ball 1-2: Ball 2-2: Ball 3-2: Base on Balls
|
|
Batting: RHB Ryan Kinkead
|
0-0: Ball 1-0: Ball 2-0: Called Strike 2-1: Foul Ball, location: 2F 2-2: Ball 3-2: Grounds into double play, 5-4-3 (Groundball, 56, EV 103.8 MPH)
|
| Bottom of the 2nd over - 1 run, 1 hit, 0 errors, 0 left on base; Baltimore 2 - Toronto 1 |
| TOP OF THE 3RD |
|
Baltimore Orioles batting - Pitching for Toronto Blue Jays : LHP Jon Valdovinos
|
|
Batting: RHB Alex Rodriguez Jr.
|
0-0: Ball 1-0: Bunted foul 1-1: Called Strike 1-2: Hit by Pitch
|
|
Batting: RHB Jeremy Giesler
|
0-0: Ball 1-0: Foul Ball, location: 2F 1-1: Ball 2-1: Ball 3-1: Called Strike 3-2: SINGLE (Groundball, 34S, EV 66.9 MPH) (infield hit) Alex Rodriguez Jr. to second
|
|
Batting: RHB Kevin Howard
|
0-0: Fly out, F4 (Line Drive, 4, EV 72.5 MPH)
|
|
Batting: LHB Brad Pepin
|
0-0: SINGLE (Flyball, 56D, EV 87.5 MPH) Alex Rodriguez Jr. to third Jeremy Giesler to second
|
|
Batting: RHB Dermott Neill
|
0-0: Foul Ball, location: 2F 0-1: Hit by Pitch Alex Rodriguez Jr. scores Jeremy Giesler to third Brad Pepin to second
|
|
Batting: LHB Stu Sornson
|
0-0: Foul Ball, location: 2F 0-1: SINGLE (Line Drive, 3D, EV 101.9 MPH) Jeremy Giesler scores Brad Pepin to third Dermott Neill to second
|
|
Batting: RHB Randy Johnson Jr.
|
0-0: Called Strike 0-1: Swinging Strike 0-2: Ball 1-2: Ball 2-2: Foul Ball, location: 2F 2-2: Fly out, F8 (Flyball, 8RD, EV 80.0 MPH) Runner from 3rd tags up, SCORES, throw by CF
|
|
Pitching: RHP Alec Murphy
|
|
|
Batting: LHB Paul Diaz
|
0-0: Called Strike 0-1: Ball 1-1: Swinging Strike 1-2: Foul Ball, location: 2F 1-2: Ball 2-2: Ball 3-2: Strikes out looking
|
| Top of the 3rd over - 3 runs, 3 hits, 0 errors, 2 left on base; Baltimore 5 - Toronto 1 |
| BOTTOM OF THE 3RD |
|
Toronto Blue Jays batting - Pitching for Baltimore Orioles : RHP Kevin Cushman
|
|
Batting: RHB Tommy Mize
|
0-0: Called Strike 0-1: Called Strike 0-2: Ball 1-2: Ball 2-2: Fly out, F7 (Flyball, 78D, EV 100.0 MPH)
|
|
Batting: LHB Jack Bell
|
0-0: Ball 1-0: Fly out, F7 (Flyball, 7, EV 91.9 MPH)
|
|
Batting: LHB Michael Byrd
|
0-0: Swinging Strike 0-1: Foul Ball, location: 2F 0-2: Strikes out swinging
|
| Bottom of the 3rd over - 0 runs, 0 hits, 0 errors, 0 left on base; Baltimore 5 - Toronto 1 |
| TOP OF THE 4TH |
|
Baltimore Orioles batting - Pitching for Toronto Blue Jays : RHP Alec Murphy
|
|
Batting: RHB Carlos Talavera
|
0-0: Ball 1-0: Called Strike 1-1: Foul Ball, location: 2F 1-2: Strikes out swinging
|
|
Batting: RHB Alex Rodriguez Jr.
|
0-0: Ground out 6-3 (Groundball, 6, EV 87.5 MPH)
|
|
Batting: RHB Jeremy Giesler
|
0-0: Called Strike 0-1: Called Strike 0-2: Strikes out swinging, 2-3 out at first.
|
| Top of the 4th over - 0 runs, 0 hits, 0 errors, 0 left on base; Baltimore 5 - Toronto 1 |
| BOTTOM OF THE 4TH |
|
Toronto Blue Jays batting - Pitching for Baltimore Orioles : RHP Kevin Cushman
|
|
Batting: LHB Jon Schick
|
0-0: Called Strike 0-1: Foul Ball, location: 2F 0-2: Foul Ball, location: 2F 0-2: Foul Ball, location: 2F 0-2: Ball 1-2: Ball 2-2: Strikes out swinging
|
|
Batting: RHB Ruben Velasco
|
0-0: Ground out 5-3 (Groundball, 56, EV 84.4 MPH)
|
|
Batting: RHB Kirk Arp
|
0-0: Swinging Strike 0-1: Ball 1-1: Ball 2-1: Foul Ball, location: 2F 2-2: Foul Ball, location: 2F 2-2: Fly out, F8 (Flyball, 89XD, EV 103.1 MPH)
|
| Bottom of the 4th over - 0 runs, 0 hits, 0 errors, 0 left on base; Baltimore 5 - Toronto 1 |
| TOP OF THE 5TH |
|
Baltimore Orioles batting - Pitching for Toronto Blue Jays : RHP Alec Murphy
|
|
Batting: RHB Kevin Howard
|
0-0: Called Strike 0-1: Ball 1-1: Fly out, F8 (Line Drive, 8RD, EV 88.8 MPH)
|
|
Batting: LHB Brad Pepin
|
0-0: Ball 1-0: Ball 2-0: Fly out, F6 (Popup, 6MS, EV 66.3 MPH)
|
|
Batting: RHB Dermott Neill
|
0-0: Called Strike 0-1: Called Strike 0-2: Ball 1-2: Ball 2-2: DOUBLE (Line Drive, 7LM, EV 108.8 MPH)
|
|
Pitching: RHP Douglas ten Pas
|
|
|
Batting: LHB Stu Sornson
|
0-0: Ball 1-0: Called Strike 1-1: Ball 2-1: Fly out, F6 (Flyball, 6MD, EV 75.6 MPH)
|
| Top of the 5th over - 0 runs, 1 hit, 0 errors, 1 left on base; Baltimore 5 - Toronto 1 |
| BOTTOM OF THE 5TH |
|
Toronto Blue Jays batting - Pitching for Baltimore Orioles : RHP Kevin Cushman
|
|
Pitching: LHP Matt Tomlinson
|
|
|
Batting: SHB Zory Larikov
|
0-0: Foul Ball, location: 2F 0-1: Ball 1-1: Called Strike 1-2: Foul Ball, location: 2F 1-2: Strikes out swinging
|
|
Batting: LHB Josh Stuck
|
0-0: Ball 1-0: Ground out 5-3 (Groundball, 5, EV 84.4 MPH)
|
|
Batting: RHB Ryan Kinkead
|
0-0: Called Strike 0-1: Swinging Strike 0-2: Ball 1-2: Strikes out swinging, 2-3 out at first.
|
| Bottom of the 5th over - 0 runs, 0 hits, 0 errors, 0 left on base; Baltimore 5 - Toronto 1 |
| TOP OF THE 6TH |
|
Baltimore Orioles batting - Pitching for Toronto Blue Jays : RHP Douglas ten Pas
|
|
Batting: RHB Randy Johnson Jr.
|
0-0: Called Strike 0-1: Ball 1-1: Ball 2-1: Ball 3-1: Fly out, F9 (Flyball, 89S, EV 85.0 MPH)
|
|
Batting: LHB Paul Diaz
|
0-0: Ball 1-0: Called Strike 1-1: Ball 2-1: Foul Ball, location: 2F 2-2: Fly out, F8 (Flyball, 8LXD, EV 83.1 MPH)
|
|
Batting: RHB Carlos Talavera
|
0-0: Ball 1-0: SINGLE (Flyball, 7S, EV 87.5 MPH)
|
|
Pinch Hitting: RHB Saimei Kudo
|
0-0: Ball 1-0: Foul Ball, location: 2F 1-1: Swinging Strike 1-2: Ball 2-2: Fly out, F5 (Flyball, 5D, EV 76.3 MPH)
|
| Top of the 6th over - 0 runs, 1 hit, 0 errors, 1 left on base; Baltimore 5 - Toronto 1 |
| BOTTOM OF THE 6TH |
|
Toronto Blue Jays batting - Pitching for Baltimore Orioles : LHP Matt Tomlinson
|
|
Now at SS: Andres Leon
|
|
|
Batting: RHB Tommy Mize
|
0-0: Foul Ball, location: 2F 0-1: Foul Ball, location: 2F 0-2: Strikes out swinging
|
|
Pinch Hitting: SHB Dylan Novakowski
|
0-0: Ball 1-0: Called Strike 1-1: Ball 2-1: Foul Ball, location: 2F 2-2: Foul Ball, location: 2F 2-2: Ground out 6-3 (Groundball, 6, EV 84.4 MPH)
|
|
Pinch Hitting: RHB Danny Burnside
|
0-0: Ball 1-0: Ball 2-0: Ball 3-0: Called Strike 3-1: DOUBLE (Line Drive, 9LM, EV 99.4 MPH)
|
|
Batting: LHB Jon Schick
|
0-0: Ball 1-0: Ball 2-0: Called Strike 2-1: Ball 3-1: Base on Balls
|
|
Batting: RHB Ruben Velasco
|
0-0: Ball 1-0: Ball 2-0: Foul Ball, location: 2F 2-1: Foul Ball, location: 2F 2-2: Strikes out swinging
|
| Bottom of the 6th over - 0 runs, 1 hit, 0 errors, 2 left on base; Baltimore 5 - Toronto 1 |
| TOP OF THE 7TH |
|
Baltimore Orioles batting - Pitching for Toronto Blue Jays : RHP Douglas ten Pas
|
|
Now at SS: Dylan Novakowski
|
|
|
Now in RF: Danny Burnside
|
|
|
Pinch Hitting: LHB Gabe Pace
|
0-0: Foul Ball, location: 2F 0-1: Foul Ball, location: 2F 0-2: Ball 1-2: Strikes out swinging, 2-3 out at first.
|
|
Pitching: LHP David Rodriguez
|
|
|
Pinch Hitting: RHB Danny Merrill
|
0-0: Foul Ball, location: 2F 0-1: Ball 1-1: Called Strike 1-2: Strikes out swinging
|
|
Pinch Hitting: RHB Marc Peckermark
|
0-0: Ball 1-0: Ball 2-0: Called Strike 2-1: Fly out, F7 (Flyball, 78S, EV 86.9 MPH)
|
| Top of the 7th over - 0 runs, 0 hits, 0 errors, 0 left on base; Baltimore 5 - Toronto 1 |
| BOTTOM OF THE 7TH |
|
Toronto Blue Jays batting - Pitching for Baltimore Orioles : LHP Matt Tomlinson
|
|
Now at 3B: Jason Hayes
|
|
|
Now in CF: Marc Peckermark
|
|
|
Now in RF: Gabe Pace
|
|
|
Batting: RHB Kirk Arp
|
0-0: Ball 1-0: Foul Ball, location: 2F 1-1: Ball 2-1: Ball 3-1: Foul Ball, location: 2F 3-2: Foul Ball, location: 2F 3-2: Base on Balls
|
|
Batting: SHB Zory Larikov
|
0-0: Ball 1-0: Called Strike 1-1: Ball 2-1: Foul Ball, location: 2F 2-2: Foul Ball, location: 2F 2-2: Ball 3-2: Foul Ball, location: 2F 3-2: Strikes out looking
|
|
Batting: LHB Josh Stuck
|
0-0: Called Strike 0-1: Ball 1-1: Called Strike 1-2: Strikes out swinging
|
|
Batting: RHB Ryan Kinkead
|
0-0: Ball 1-0: Ball 2-0: Foul Ball, location: 2F 2-1: Ball 3-1: Base on Balls Kirk Arp to second
|
|
Pitching: RHP Gavin Nelson
|
|
|
Batting: RHB Tommy Mize
|
0-0: Called Strike 0-1: Called Strike 0-2: Fielders Choice at 2nd, 5-4 (Groundball, 56, EV 76.9 MPH)
|
| Bottom of the 7th over - 0 runs, 0 hits, 0 errors, 2 left on base; Baltimore 5 - Toronto 1 |
| TOP OF THE 8TH |
|
Baltimore Orioles batting - Pitching for Toronto Blue Jays : LHP David Rodriguez
|
|
Batting: RHB Ruben Garza
|
0-0: Ground out 6-3 (Groundball, 6, EV 86.3 MPH)
|
|
Pinch Hitting: RHB Casey Nelligan
|
0-0: Foul Ball, location: 2F 0-1: Ball 1-1: SINGLE (Groundball, 56D, EV 102.5 MPH)
|
|
Pinch Hitting: RHB Vince Jackson
|
0-0: Fly out, F9 (Flyball, 9, EV 85.6 MPH)
|
|
Batting: LHB Paul Diaz
|
0-0: Ball 1-0: Ball 2-0: Foul Ball, location: 2F 2-1: DOUBLE (Flyball, 8LXD, EV 107.5 MPH) Casey Nelligan to third Runner from 3rd tries for Home, throw by CF and OUT! 8-6-2
|
| Top of the 8th over - 0 runs, 2 hits, 0 errors, 1 left on base; Baltimore 5 - Toronto 1 |
| BOTTOM OF THE 8TH |
|
Toronto Blue Jays batting - Pitching for Baltimore Orioles : RHP Gavin Nelson
|
|
Now at 1B: Paul Diaz
|
|
|
Now at 2B: Vince Jackson
|
|
|
Now in LF: Gabe Pace
|
|
|
Now in RF: Casey Nelligan
|
|
|
Batting: SHB Dylan Novakowski
|
0-0: Ball 1-0: Called Strike 1-1: Ground out 6-3 (Groundball, 4MD, EV 108.1 MPH)
|
|
Batting: RHB Danny Burnside
|
0-0: Ball 1-0: Ball 2-0: Ball 3-0: Called Strike 3-1: Called Strike 3-2: Fly out, F9 (Flyball, 9S, EV 86.3 MPH)
|
|
Batting: LHB Jon Schick
|
0-0: Ball 1-0: Called Strike 1-1: Ball 2-1: Foul Ball, location: 2F 2-2: DOUBLE (Line Drive, 7LM, EV 95.6 MPH)
|
|
Batting: LHB Sam Dowdy
|
0-0: Ground out 4-3 (Groundball, 4, EV 79.4 MPH)
|
| Bottom of the 8th over - 0 runs, 1 hit, 0 errors, 1 left on base; Baltimore 5 - Toronto 1 |
| TOP OF THE 9TH |
|
Baltimore Orioles batting - Pitching for Toronto Blue Jays : LHP David Rodriguez
|
|
Batting: RHB Carlos Talavera
|
0-0: Called Strike 0-1: Ground out 5-3 (Groundball, 56, EV 105.6 MPH)
|
|
Batting: RHB Andres Leon
|
0-0: Ball 1-0: Ball 2-0: Called Strike 2-1: Foul Ball, location: 2F 2-2: Fly out, F5 (Line Drive, 5, EV 74.4 MPH)
|
|
Batting: LHB Gabe Pace
|
0-0: Ball 1-0: Called Strike 1-1: Swinging Strike 1-2: Foul Ball, location: 2F 1-2: Ball 2-2: Strikes out swinging
|
| Top of the 9th over - 0 runs, 0 hits, 0 errors, 0 left on base; Baltimore 5 - Toronto 1 |
| BOTTOM OF THE 9TH |
|
Toronto Blue Jays batting - Pitching for Baltimore Orioles : RHP Gavin Nelson
|
|
Pinch Hitting: RHB Greg Herzig
|
0-0: Ball 1-0: Swinging Strike 1-1: Foul Ball, location: 2F 1-2: Foul Ball, location: 2F 1-2: Ball 2-2: Foul Ball, location: 2F 2-2: Fly out, F9 (Flyball, 9S, EV 91.9 MPH)
|
|
Pinch Hitting: RHB Mike Strey
|
0-0: Foul Ball, location: 2F 0-1: DOUBLE (Line Drive, 78M, EV 90.0 MPH)
|
|
Batting: LHB Josh Stuck
|
0-0: Swinging Strike 0-1: SINGLE (Line Drive, 9S, EV 106.9 MPH) Mike Strey to third
|
|
Pitching: RHP Jacob Taylor
|
|
|
Pinch Hitting: LHB Jody Hudson
|
0-0: Swinging Strike 0-1: Ball 1-1: Foul Ball, location: 2F 1-2: Fly out, F8 (Flyball, 8LM, EV 90.0 MPH)
|
|
Pinch Hitting: RHB Danny Heyer
|
0-0: Ground out 5-3 (Groundball, 5S, EV 86.9 MPH)
|
| Bottom of the 9th over - 0 runs, 2 hits, 0 errors, 2 left on base; Baltimore 5 - Toronto 1 |
|